 Dungeon Crawl Stone Soup version 0.24.0-123-gd5b16e6ec5 (webtiles) character file.

Game seed: 11920058962355644891, levelgen mode: deterministic

134 Bergy the Cudgeler (level 5, -8/32 HPs)
             Began as a Gargoyle Fighter on Dec 28, 2019.
             Killed by divine providence
             ... invoked by an orc priest
              (13 damage)
             ... on level 3 of the Dungeon.
             The game lasted 00:05:13 (1985 turns).

Bergy the Cudgeler (Gargoyle Fighter)               Turns: 1985, Time: 00:05:13

Health: -8/32      AC: 10    Str: 20    XL:     5   Next: 17%
Magic:  5/5        EV:  7    Int:  9    God:
Gold:   75         SH:  9    Dex:  9    Spells: 4/4 levels left

rFire    . . .     SeeInvis .   a - +0 flail
rCold    . . .     Gourm    .   c - +0 shield
rNeg     + . .     Faith    .   b - +0 scale mail
rPois    ∞         Spirit   .   (no helmet)
rElec    +         Reflect  .   (no cloak)
rCorr    .         Harm     .   (no gloves)
MR       .....                  (no boots)
Stlth    ..........             (no amulet)
HPRegen  0.10/turn              (no ring)
MPRegen  0.09/turn              (no ring)

@: no status effects
A: negative energy resistance 1, electricity resistance, unbreathing,
petrification resistance, rot immunity, AC +4
a: no special abilities


You were on level 3 of the Dungeon.
You were not hungry.

You visited 1 branch of the dungeon, and saw 3 of its levels.

You collected 75 gold pieces.

Inventory:

Hand Weapons
 a - a +0 flail (weapon)
Armour
 b - a +0 scale mail (worn)
 c - a +0 shield (worn)
Scrolls
 e - a scroll of remove curse {unknown}
 h - a scroll of magic mapping {unknown}
 i - 4 scrolls of identify {unknown}
 j - 3 scrolls of teleportation {unknown}
 l - a scroll of amnesia {unknown}
 o - 2 scrolls of enchant weapon {unknown}
Potions
 d - 3 potions of might
 g - a potion of lignification {unknown}
 k - a potion of heal wounds {unknown}
 n - a potion of degeneration {unknown}
 p - a potion of resistance {unknown}
 q - a potion of mutation {unknown}
Comestibles
 f - a ration
 m - 2 chunks of flesh


   Skills:
 - Level 3.2 Fighting
 * Level 5.2 Maces & Flails
 - Level 3.2 Armour
 - Level 3.2 Shields


You had 4 spell levels left.
You didn't know any spells.
Your spell library was empty.

Dungeon Overview and Level Annotations

Branches:
Dungeon (3/15)

Altars:
Uskayaw
Xom
Yredelemnul


Innate Abilities, Weirdness & Mutations

You are resistant to torment.
Your stone body is resilient. (AC +4)
You are immune to poison.
You resist negative energy. (rN+)
You are resistant to electric shocks. (rElec)
You can survive without breathing.
You are immune to petrification.
You are immune to rotting.


Message History

You sock the adder!
The adder is almost dead.
The adder bites you but does no damage.
The orc wizard gestures wildly while chanting.
The orc wizard blinks!
The adder bites you.
* * * LOW HITPOINT WARNING * * *
You barely miss the adder.
The adder is almost dead.
The adder bites you but does no damage. You block the adder's attack.
You sock the adder!
You kill the adder!
The orc wizard casts a spell.
The orc wizard seems to speed up.
You block the kobold's attack.
You miss the kobold. You block the kobold's attack.
You closely miss the kobold. You block the kobold's attack.
You closely miss the kobold. The orc wizard barely misses you.
The kobold barely misses you.
The orc priest mumbles some strange prayers to Beogh against you.
Beogh smites you!
You die...

...≈≈≈≈≈.≈≈≈≈.
###...###
#..≈≈≈≈≈.≈≈≈≈.
#.......
#............. .......
.......#.###. .....
#...#.#..... #...#
#...#....... #..$
#####...#.##.#..
##.####...............
#..oK@o...............
#..####...........#..#
#..# #####...#.###..#
#..# #...#......# #<.#
#...#####.## #.o#
####...# #.## ....
#.....## #... #..#
#.############. #.####
#.......


You could see an orc priest, an orc wizard and a kobold.

Vanquished Creatures
  Crazy Yiuf (D:2)
  A worker ant zombie (D:2)
  4 adders
  An ooze (D:1)
  2 worms (D:2)
  A dart slug (D:2)
  3 orcs (D:3)
  5 bats
  5 giant cockroaches
  7 goblins
  4 hobgoblins
  4 kobolds
  A quokka (D:2)
  4 frilled lizards
  3 rats (D:1)
46 creatures vanquished.

Notes
Turn   | Place    | Note
-------+----------+-------------------------------------------
     0 | D:1      | Bergy the Gargoyle Fighter began the quest for the Orb.
     0 | D:1      | Reached XP level 1. HP: 14/14 MP: 1/1
   180 | D:1      | Reached XP level 2. HP: 19/19 MP: 2/2
   212 | D:1      | Reached skill level 3 in Maces & Flails
   513 | D:2      | Reached XP level 3. HP: 22/23 MP: 3/3
   856 | D:2      | Found a runed translucent door.
   857 | D:2      | Noticed Crazy Yiuf
   916 | D:2      | Reached skill level 4 in Maces & Flails
   987 | D:2      | Reached XP level 4. HP: 28/28 MP: 4/4
  1217 | D:2      | Found a faded altar of an unknown god.
  1220 | D:2      | Became a worshipper of Uskayaw the Reveler
  1220 | D:2      | Reached * piety under Uskayaw
  1326 | D:2      | Reached ** piety under Uskayaw
  1333 | D:2      | Killed Crazy Yiuf
  1709 | D:3      | Found a basalt altar of Yredelemnul.
  1744 | D:3      | Found a shimmering altar of Xom.
  1750 | D:3      | Reached skill level 5 in Maces & Flails
  1750 | D:3      | Reached XP level 5. HP: 28/32 MP: 5/5
  1770 | D:3      | Fell from the grace of Uskayaw
  1985 | D:3      | Killed from afar by an orc priest

Levels and vault maps discovered:
D:1:      mrwooster_arrival_statue_3, layout_rooms
D:2:      layout_loops_ring, chequers_ecumenical_altar_grove,
          uniq_crazy_yiuf_cottage
D:3:      layout_loops_cross, lemuel_crystal_altar, old_standard_altar,
          minivault_14, uniq_robin

Skill      XL: |  1  2  3  4 |
---------------+-------------+-----
Maces & Flails | 3 4 5 |  5.2
Fighting       | |  3.2
Armour         | |  3.2
Shields        | |  3.2

Action                   |  1- 3 |  4- 6 || total
-------------------------+-------+-------++-------
Melee: Flail             |   111 |    71 ||   182
Invok: Renounce Religion |       |     1 ||     1
  Eat: Ration            |       |     1 ||     1
       Chunk             |       |     1 ||     1
Armor: Scale mail        |    54 |    32 ||    86
Dodge: Dodged            |    31 |    15 ||    46
Block: Shield            |    66 |    30 ||    96
